 Dungeon Crawl Stone Soup version 0.20.1-1-g8b1a95d (webtiles) character file.

116 panicbit the Skirmisher (level 4, -3/41 HPs)
             Began as a Minotaur Fighter on July 3, 2017.
             Slain by Lidrolic's ghost (9 damage)
             ... on level 3 of the Dungeon on July 5, 2017.
             The game lasted 00:13:49 (1770 turns).

panicbit the Skirmisher (Minotaur Fighter)          Turns: 1770, Time: 00:13:50

Health: -3/41      AC:  7    Str: 20    XL:     4   Next: 69%
Magic:  3/3        EV:  8    Int:  5    God:
Gold:   34         SH:  9    Dex: 11    Spells: 3/3 levels left

rFire    . . .     SeeInvis .   a - +0 war axe
rCold    . . .     Gourm    .   c - +0 shield
rNeg     . . .     Faith    .   b - +0 scale mail
rPois    .         Spirit   .   (helmet restricted)
rElec    .         Reflect  .   (no cloak)
rCorr    .         Harm     .   (no gloves)
MR       .....                  (no boots)
Stlth    ..........             (no amulet)
Regen    0.2/turn               (no ring)
MPRegen  0.1/turn               (no ring)

@: no status effects
A: retaliatory headbutt, horns 2
a: no special abilities


You were on level 3 of the Dungeon.
You were not hungry.

You visited 1 branch of the dungeon, and saw 3 of its levels.

You collected 34 gold pieces.

Inventory:

Hand Weapons
 a - a +0 war axe (weapon)
Armour
 b - a +0 scale mail (worn)
 c - a +0 shield (worn)
Scrolls
 e - a scroll of immolation {unknown}
 g - 2 scrolls of recharging {unknown}
 l - 2 scrolls of noise {unknown}
 m - a scroll of identify {unknown}
 n - 3 scrolls of remove curse {unknown}
 q - a scroll of teleportation {unknown}
Potions
 d - a potion of might
 j - a potion of agility {unknown}
 k - a potion of haste {unknown}
 o - a potion of invisibility {unknown}
 p - a potion of lignification {unknown}
Comestibles
 f - a bread ration
 h - 2 chunks of flesh
 i - 2 royal jellies


   Skills:
 + Level 4.6 Fighting
 + Level 3.6 Axes
 + Level 4.3 Armour
 + Level 1.0 Dodging
 + Level 4.4 Shields


You had 3 spell levels left.
You didn't know any spells.

Dungeon Overview and Level Annotations

Branches:
Dungeon (3/15)

Altars:
Cheibriados
Qazlal
Xom
Yredelemnul

Annotations:
D:3 Lidrolic's ghost, amateur HuFi


Innate Abilities, Weirdness & Mutations

You reflexively headbutt those who attack you in melee.
You have a pair of horns on your head.


Message History

Lidrolic's ghost is moderately damaged.
Lidrolic's ghost hits you!
* * * LOW HITPOINT WARNING * * *
You slash Lidrolic's ghost!
Lidrolic's ghost is severely damaged.
Lidrolic's ghost hits you.
* * * LOW HITPOINT WARNING * * *
You block Lidrolic's ghost's attack.
You slash Lidrolic's ghost! You headbutt Lidrolic's ghost.
Lidrolic's ghost is almost destroyed.
Lidrolic's ghost closely misses you. You furiously retaliate!
You headbutt Lidrolic's ghost, but do no damage.
You barely miss Lidrolic's ghost.
Lidrolic's ghost is almost destroyed.
You block Lidrolic's ghost's attack.
You closely miss Lidrolic's ghost.
Lidrolic's ghost is almost destroyed.
Lidrolic's ghost hits you but does no damage.
Lidrolic's ghost hits you!
You die...

##############################
.........)(W@................>
........(####...............##
#........# #...............'.
#.....[..# #...............##
#........# #........#####....
#$........ #........# #.###
#.#(..$...# #........# #.... #
#.......# #........#####....
#.......# #................#


You could see Lidrolic's ghost.

Vanquished Creatures
  2 adders
  4 gnolls
  A worm (D:2)
  A leopard gecko (D:1)
  4 orcs (D:3)
  3 giant cockroaches
  7 goblins
  3 hobgoblins
  4 jackals (D:2)
  4 quokkas (D:2)
  6 bats
  3 frilled lizards
  4 kobolds
  4 rats
50 creatures vanquished.

Notes
Turn   | Place    | Note
-------+----------+-------------------------------------------
     0 | D:1      | panicbit the Minotaur Fighter began the quest for the Orb.
     0 | D:1      | Reached XP level 1. HP: 19/19 MP: 0/0
   257 | D:1      | Reached XP level 2. HP: 27/27 MP: 1/1
   909 | D:2      | Reached XP level 3. HP: 32/33 MP: 2/2
  1130 | D:2      | Found a faded altar of an unknown god.
  1130 | D:2      | Found a shimmering altar of Xom.
  1135 | D:2      | Found a snail-covered altar of Cheibriados.
  1137 | D:2      | Found a basalt altar of Yredelemnul.
  1139 | D:2      | Found a stormy altar of Qazlal.
  1205 | D:2      | Reached XP level 4. HP: 20/41 MP: 3/3
  1750 | D:3      | Noticed Lidrolic's ghost (amateur HuFi)
  1751 | D:3      | Reached skill level 1 in Dodging
  1770 | D:3      | Slain by Lidrolic's ghost

Skill      XL: |  1  2  3  4 |
---------------+-------------+-----
Fighting       | 4 |  4.6
Axes           | 3 |  3.6
Armour         | 4 |  4.3
Shields        | 4 |  4.4
Dodging        | 1 |  1.0

Action                   |  1- 3 |  4- 6 || total
-------------------------+-------+-------++-------
Melee: War axe           |    88 |    42 ||   130
       Headbutt          |     9 |     6 ||    15
  Eat: Chunk             |     1 |     2 ||     3
Armor: Scale mail        |    41 |    15 ||    56
Dodge: Dodged            |    38 |    15 ||    53
Block: Shield            |    55 |    29 ||    84
